 Dungeon Crawl Stone Soup version 0.28-a0-305-g9e858e973b (webtiles) character file.

Game seed: 16967160940913923738

171 lunkers the Skirmisher (level 5, -1/51 HPs)
             Began as a Minotaur Cinder Acolyte on Aug 29, 2021.
             Was a High Priest of Ignis.
             Slain by an ogre (34 damage)
             ... on level 4 of the Dungeon.
             The game lasted 00:03:53 (4130 turns).

lunkers the Skirmisher (Minotaur Cinder Acolyte)    Turns: 4130, Time: 00:03:54

Health: -1/51      AC:  3    Str: 20    XL:     5   Next: 26%
Magic:  5/5        EV:  8    Int: 10    God:    Ignis [*****.]
Gold:   188        SH:  6    Dex:  6    Spells: 5/6 levels left

rFire   + . .      SeeInvis .   f - +4 spear
rCold   . . .      Faith    .   e - +0 kite shield
rNeg    + . .      Spirit   .   i - +0 leather armour
rPois   .          Reflect  .   (helmet restricted)
rElec   .          Harm     .   (no cloak)
rCorr   .          Rampage  .   (no gloves)
Will    .....                   (no boots)
Stlth   +.........              (no amulet)
HPRegen 0.17/turn               r - ring of positive energy
MPRegen 0.09/turn               (no ring)

@: no status effects
A: horns 2, retaliatory headbutt
a: Renounce Religion, Sea of Fire, Foxfire Swarm, Rising Flame


You were on level 4 of the Dungeon.
You worshipped Ignis.
Ignis was extremely pleased with you.
You visited 1 branch of the dungeon, and saw 4 of its levels.

You collected 188 gold pieces.

Inventory:

Hand Weapons
 a - a -1 hand axe of flaming
 f - a +4 spear (weapon)
Missiles
 p - 14 poisoned darts (quivered)
Armour
 b - a +0 robe
 e - a +0 kite shield (worn)
 i - a +0 leather armour (worn)
Jewellery
 r - a ring of positive energy (left hand)
Scrolls
 c - 2 scrolls of teleportation {unknown}
 d - a scroll of silence {unknown}
 h - a scroll of vulnerability {unknown}
 k - 2 scrolls of summoning {unknown}
 l - a scroll of identify {unknown}
 s - a scroll of holy word {unknown}
 t - a scroll of enchant armour {unknown}
Potions
 g - a potion of might {unknown}
 j - 2 potions of ambrosia {unknown}
 m - a potion of degeneration {unknown}
 n - a potion of haste {unknown}
 o - a potion of heal wounds {unknown}
 q - a potion of attraction {unknown}


   Skills:
 + Level 6.5 Fighting
 - Level 4.3 Axes
 + Level 1.4 Shields
 - Level 1.0 Spellcasting
 - Level 0.6 Fire Magic


You had 5 spell levels left.
You knew the following spells:

 Your Spells              Type           Power      Damage    Failure   Level
p - Foxfire               Conj/Fire      4%         2x1d4     91%         1

Your spell library contained the following spells:

 Spells                   Type           Power      Damage    Failure   Level


Dungeon Overview and Level Annotations

Branches:
Dungeon (4/15)
 Temple: D:4-7

Altars:
Trog


Innate Abilities, Weirdness & Mutations

You have a pair of horns on your head.
You reflexively headbutt those who attack you in melee.


Message History

You reach to attack!
You hit the gnoll.
The gnoll is moderately wounded.
The gnoll hits you from afar with a +0 spear!
You block the gnoll's attack.
You reach to attack!
You puncture the gnoll!
You kill the gnoll!
No target in view!
No target in view!
An ogre comes into view. It is wielding a +0 giant club.
An ogre is nearby!
An ogre is nearby!
An ogre is nearby!
Unknown command.
You throw a poisoned dart.
The poisoned dart barely misses the ogre.
The ogre shouts!
You throw a poisoned dart. The poisoned dart hits the ogre.
The ogre is poisoned.
You throw a poisoned dart. The poisoned dart hits the ogre.
The ogre is lightly wounded.
You throw a poisoned dart. The poisoned dart hits the ogre.
The ogre looks even sicker.
The ogre is lightly wounded.
You reach to attack!
You closely miss the ogre.
The ogre is moderately wounded.
You hit the ogre.
The ogre is moderately wounded.
The ogre hits you with a +0 giant club!
You hit the ogre.
The ogre is heavily wounded.
The ogre closely misses you.
Your shield prevents you from hitting the ogre.
Your headbutt misses the ogre.
The ogre is severely wounded.
The ogre misses you.
You barely miss the ogre.
The ogre is severely wounded.
The ogre hits you with a +0 giant club!!
Ouch! That really hurt!
You die...

#
############.#
#............#
#............#
#.....@......#
#...)O.......#
....(.........#
........(.....#
...(..........#
.((...........#
(.......>.....#
..............#


You could see an ogre (poisoned).

Vanquished Creatures
  An iguana (D:3)
  4 adders
  4 gnolls
  An adder skeleton (D:4)
  3 dart slugs (D:1)
  An orc (D:3)
  6 goblins
  8 hobgoblins
  6 jackals (D:2)
  4 kobolds
  4 quokkas
  6 ball pythons
  4 bats
  A frilled lizard (D:2)
  11 rats
64 creatures vanquished.

Vanquished Creatures (collateral kills)
  A foxfire (D:1)
1 creature vanquished.

Vanquished Creatures (others)
  8 foxfires (D:1)
  A fungus (D:1)
9 creatures vanquished.

Grand Total: 74 creatures vanquished

Notes
Turn   | Place    | Note
-------+----------+-------------------------------------------
     0 | D:1      | lunkers the Minotaur Cinder Acolyte began the quest for the
                  | Orb.
     0 | D:1      | Reached XP level 1. HP: 19/19 MP: 1/1
   407 | D:1      | Reached XP level 2. HP: 27/27 MP: 0/2
   600 | D:1      | Found a faded altar of an unknown god.
   710 | D:1      | Reached skill level 4 in Fighting
   906 | D:1      | Reached XP level 3. HP: 34/34 MP: 3/3
  1318 | D:2      | Reached skill level 5 in Fighting
  2232 | D:2      | Reached XP level 4. HP: 42/42 MP: 4/4
  2763 | D:3      | Found a bloodstained altar of Trog.
  3476 | D:3      | HP: 2/44 [iguana (4)]
  3478 | D:3      | Reached skill level 6 in Fighting
  3805 | D:3      | Reached XP level 5. HP: 10/51 MP: 5/5
  3808 | D:3      | HP: 1/51 [gnoll (4)]
  3810 | D:3      | Reached skill level 1 in Shields
  4121 | D:4      | Noticed an ogre
  4130 | D:4      | Slain by an ogre

Illustrated notes

Levels and vault maps discovered:
D:1:      lightli_arrival_noodles, layout_loops_cross,
          shapermc_ecumenical_altar_mp_urbaneastern
D:2:      minmay_alternating_diamond, layout_loops_ring
D:3:      layout_rooms, mainiacjoe_overflow_boulevard
D:4:      layout_basic, grunt_temple_overflow_cloverleaf,
          nicolae_ossuary_entry_giza, uniq_pikel, uniq_grinder

Skill      XL: |  1  2  3  4  5 |
---------------+----------------+-----
Axes           | 4 |  4.3
Fighting       | 4 5 6 |  6.5
Shields        | 1 |  1.4
Spellcasting   | |  1.0
Fire Magic     | |  0.6

Action                   |  1- 3 |  4- 6 || total
-------------------------+-------+-------++-------
Melee: Hand axe          |    18 |       ||    18
       Spear             |    61 |    82 ||   143
       Headbutt          |     8 |    13 ||    21
Throw: Dart              |     4 |    23 ||    27
 Cast: Foxfire           |     7 |       ||     7
Armor: Robe              |     9 |       ||     9
       Leather armour    |     2 |    13 ||    15
Dodge: Dodged            |    20 |    30 ||    50
Block: Kite shield       |     6 |    26 ||    32

Table legend: (Time is in decaauts)
 A = Elapsed time spent in this place.
 B = Non-inter-level travel time spent in this place.
 C = Inter-level travel time spent in this place.
 D = Time resting spent in this place.
 E = Time spent auto-exploring this place.
 F = Levels seen in this place.
 G = Mean time per level.
                   A        B        C        D        E       F      G
               +--------+--------+--------+--------+--------+-----+--------+
         Total |   4178 |   4072 |    106 |    640 |   2936 |   4 | 1044.5 |
       Dungeon |   4178 |   4072 |    106 |    640 |   2936 |   4 | 1044.5 |
               +--------+--------+--------+--------+--------+-----+--------+

Top non-repeatable levels by time:
     D:2: 1632 daAuts
     D:3: 1345 daAuts
     D:1: 1144 daAuts
     D:4: 56 daAuts
